 Dungeon Crawl Stone Soup version 0.31.0-32-g396128a36d (webtiles) character file.

Game seed: 8329496747252401445

4 James the Sneak (level 1, -1/9 HPs)
             Began as a Spriggan Enchanter on Mar 11, 2024.
             Slain by a quokka (5 damage)
             ... on level 1 of the Dungeon.
             The game lasted 00:01:20 (136 turns).

James the Sneak (Spriggan Enchanter)                 Turns: 136, Time: 00:01:20

Health: -1/9       AC:  2    Str:  4    XL:     1   Next: 58%
Magic:  5/5        EV: 17    Int: 16    God:
Gold:   10         SH:  0    Dex: 15    Spells: 5/5 levels left

rFire   . . .        a - +1 dagger
rCold   . . .        (no shield)
rNeg    . . .        b - +0 robe
rPois   .            (helmet restricted)
rElec   .            (no cloak)
rCorr   .            (gloves unavailable)
SInv    +            (boots unavailable)
Will    .....        (no amulet)
Stlth   +++          (no ring)
HPRegen 0.21/turn    (no ring)
MPRegen 0.09/turn

%: no passive effects
@: very quick
A: very small, no large weapons, unfitting armour, see invisible, speed 3
a: no special abilities


You were on level 1 of the Dungeon.
You visited 1 branch of the dungeon, and saw 1 of its levels.

You collected 10 gold pieces.

Inventory:

Hand Weapons
 a - a +1 dagger (weapon)
Armour
 b - a +0 robe (worn)
Scrolls
 d - a scroll of identify {unknown}
 e - a scroll of immolation {unknown}
Potions
 c - 2 potions of invisibility


   Skills:
 * Level 1.5 Short Blades
 + Level 2.8 Dodging
 + Level 4.5 Stealth
 - Level 2.6 Spellcasting
 - Level 3.6 Hexes


You had 5 spell levels left.
You didn't know any spells.
Your spell library contained the following spells:

 Spells                   Type           Power      Damage    Failure   Level
 Confusing Touch          Hex            13%        N/A       13%         3
 Tukima's Dance           Hex            13%        N/A       13%         3
 Ensorcelled Hibernation  Hex/Ice        14%        N/A       14%         2
 Dazzling Flash           Conj/Hex       14%        N/A       28%         3


Dungeon Overview and Level Annotations

Branches:
Dungeon (1/15)

Altars:


Innate Abilities, Weirdness & Mutations

You are very small and have problems with some larger weapons.
You are too small for most types of armour.
You have supernaturally acute eyesight. (SInv)
You cover ground extremely quickly. (Speed+++)


Message History

Welcome, James the Spriggan Enchanter.
A smirking vizier told you that the Orb of Zot is just within this dungeon.
Found a scroll labelled PUNNASHR BACLAEF and a scroll labelled AGUWKOAPPI.
Found a staircase leading out of the dungeon.
You don't know any spells.
Okay, then.
Unknown command.
You don't know any spells.
Unknown command.
Okay, then.
Unknown command.
Unknown command.
d - a scroll labelled PUNNASHR BACLAEF
e - a scroll labelled AGUWKOAPPI A quokka comes into view.
A frilled lizard comes into view.
The quokka attacks as it pursues you! The quokka misses you.
You hit the quokka. The quokka barely misses you.
You closely miss the quokka. The quokka bites you.
You hit the quokka.
You kill the quokka!
You see here a quokka corpse.
You start resting.
The frilled lizard misses you.
You hit the frilled lizard.
You kill the frilled lizard!
Found 6 gold pieces.
You now have 6 gold pieces.
Found 4 gold pieces.
You now have 10 gold pieces (gained 4). 2 ball pythons come into view.
The helpless ball python fails to defend itself.
You impale the ball python!!
You kill the ball python!
A ball python and a quokka come into view.
The helpless ball python fails to defend itself.
You impale the ball python!!
You kill the ball python!
You start waiting.
A quokka is nearby!
You closely miss the quokka. The quokka barely misses you.
You hit the quokka but do no damage. The quokka completely misses you.
You barely miss the quokka. The quokka bites you.
You hit the quokka but do no damage. The quokka closely misses you.
You barely miss the quokka. The quokka closely misses you.
You hit the quokka. The quokka bites you.
* * * LOW HITPOINT WARNING * * *
You closely miss the quokka. The quokka bites you.
Ouch! That really hurt!
You die...

######...... #...........
#########.#########
.##...###..##.................#
........#..#.#.......#.......#.
.#...........#..#.......#.....#..
.......r...#.#...#...#...#...#...
...........#.#....#...#...#.#....
..#........#.#..@..#.#.#...#.....
.............#.r....#...#...#....
.............#...#.#...<.#...#...
......#####.......#.....#...#.#..
......# ##.#.....#...#...#.....
......######.#.....##.....##.....
.............#....#..#...#..#....
......######.#...#....#.#....#...
......## #.#..#......#......#..


You could see a quokka.

Vanquished Creatures
  2 ball pythons (D:1)
  A quokka (D:1)
  A frilled lizard (D:1)
4 creatures vanquished.

Notes
Turn   | Place    | Note
-------+----------+-------------------------------------------
     0 | D:1      | James the Spriggan Enchanter began the quest for the Orb.
     0 | D:1      | Reached XP level 1. HP: 9/9 MP: 5/5
   136 | D:1      | Slain by a quokka

Illustrated notes

Levels and vault maps discovered:
D:1:      matt_arrival_diagonals, layout_rooms, serial_glass, glass_columns_b,
          glass_columns_c, serial_shops, nicolae_shop_behind_doors

Action                     || total
---------------------------++-------
  Melee: Dagger            ||    13
   Stab: Sleeping          ||     2
 Armour: Robe              ||     4
  Dodge: Dodged            ||     7
